[Event "Betsys MČR v online bleskovém šachu 2021"]
[Site "Chess.com"]
[Date "2021.04.17"]
[Round "9"]
[White "misacz"]
[Black "WhiteLittleHorse"]
[Result "1-0"]
[WhiteElo "1087"]
[BlackElo "953"]
[TimeControl "180+1"]
[EndTime "10:30:23 PDT"]
[Termination "Uživatel misacz zvítězil matem"]

1. d4 d5 2. Nf3 Nc6 3. e3 Nf6 4. Bd3 e6 5. Nbd2 Bd7 6. Qe2 Bd6 7. O-O Nb4 8. c3 Nxd3 9. Qxd3 a6 10. e4 dxe4 11.
Nxe4 Bb5 12. Nxf6+ Qxf6 13. c4 Bc6 14. Bg5 Qg6 15.
Qxg6 hxg6 16. d5 exd5 17. Rfe1+ Kf8 18. cxd5 Bxd5 19. Ne5 f6 20. Nd7+ Kf7 21. Bd2 Bxh2+ 22. Kf1 Bd6 23. Rad1 Rh1+ 24. Ke2 Bc4+ 25. Kf3 Bd5+ 26.
Kg4 f5+ 27. Kg5 Rh4 28. Kxh4 Be6 29. Ne5+ Bxe5 30. Rxe5 Rh8+ 31. Kg5 Rh5+ 32. Kf4 g5+ 33. Ke3 g6 34. Bc3 f4+ 35. Ke2 Bg4+ 36. f3 Bf5 37.
Bb4 Rh2 38. Kf2 Kf6 39. Bc3 Kf7 40. Rde1 Rh8 41. Re7+ Kg8 42. Re8+ Kh7 43. R1e7+ Kh6 44. Rxh8# 1-0

[Event "Betsys MČR v online bleskovém šachu 2021"]
[Site "Chess.com"]
[Date "2021.04.17"]
[Round "9"]
[White "florenc1330"]
[Black "Pantata007"]
[Result "1-0"]
[WhiteElo "2109"]
[BlackElo "2251"]
[TimeControl "180+1"]
[EndTime "10:30:24 PDT"]
[Termination "Uživatel florenc1330 zvítězil na čas"]

1. c4 Nf6 2. g3 c6 3. Bg2 d5 4. Nf3 dxc4 5. O-O Nbd7 6. a4 a5 7.
Na3 Nb6 8. Qc2 Be6 9. Rd1 g6 10. d3 cxd3 11. Rxd3 Qc8 12. Ng5 Bg7 13. Nxe6 Qxe6 14.
Qc5 Nbd5 15. e4 Nxe4 16. Qc4 Nef6 17. Bd2 O-O 18. Re1 Qd6 19. Bf4 Qb4 20. Bd2 Qxc4 21. Nxc4 e6 22. Nd6 b6 23. Rc1 c5 24. Nc4 Rab8 25.
Ne5 Rfc8 26. Bg5 Nb4 27. Rdd1 Nfd5 28. Nc4 h6 29. Bd2 Nd3 30. Rc2 N5b4 31. Bxb4 Nxb4 32.
Rcd2 f6 33. Nd6 Rd8 34. Ne4 1-0

[Event "Betsys MČR v online bleskovém šachu 2021"]
[Site "Chess.com"]
[Date "2021.04.17"]
[Round "9"]
[White "MatejKopecky13"]
[Black "Ehlundi"]
[Result "0-1"]
[WhiteElo "1505"]
[BlackElo "1759"]
[TimeControl "180+1"]
[EndTime "10:30:24 PDT"]
[Termination "Uživatel Ehlundi zvítězil matem"]

1. e4 c5 2. Nf3 Nc6 3. Bc4 e6 4.
Nc3 a6 5. a4 Nf6 6. d3 Be7 7. Bf4 O-O 8. h3 d6 9. Qd2 e5 10. Bg5 Be6 11. Bxe6 fxe6 12. h4 Nd4 13. Nxd4 cxd4 14. Ne2 Qe8 15. Ng3 h6 16. Bxf6 Bxf6 17. Qe2 Qg6 18. h5 Qg5 19. a5 Rac8 20. b4 Rc7 21. Ra2 Rcf7 22. Qd2 Qg4 23. Rh3 Bg5 24. Qe2 Qxe2+ 25. Kxe2 Rxf2+ 26. Ke1 Rxg2 27. Ne2 Be3 28. c3 Rff2 29. cxd4 exd4 30. Rh1 Rf8 31. Rf1 Rxf1+ 32. Kxf1 Rf2+ 33. Ke1 Rh2 34. Kd1 Rxh5 35. Ng3 Rg5 36. Ne2 h5 37. Kc2 h4 38. Kb3 h3 39. Ra1 h2 40.
Rh1 Bg1 41. Nf4 Rg3 42. Nxe6 Rxd3+ 43. Kc4 Rd2 44. Kd5 d3 45. Kxd6 Re2 46. Nf4 Rxe4 47.
Nxd3 Rd4+ 48. Kc7 Rxd3 49. Kxb7 Rd6 50. Kc7 Re6 51. Kd7 Kf7 52. Kc7 g5 53. Kb7 g4 54. b5 axb5 55. a6 g3 56. a7 Re7+ 57.
Kb8 Bxa7+ 58. Kc8 Bg1 59. Rxg1 hxg1=Q 60. Kb8 Qa7+ 61. Kc8 Qc7# 0-1

[Event "Betsys MČR v online bleskovém šachu 2021"]
[Site "Chess.com"]
[Date "2021.04.17"]
[Round "9"]
[White "maelic"]
[Black "Dan1612"]
[Result "0-1"]
[WhiteElo "1777"]
[BlackElo "1993"]
[TimeControl "180+1"]
[EndTime "10:30:26 PDT"]
[Termination "Uživatel Dan1612 zvítězil po vzdání soupeře"]

1. d4 g6 2. Nc3 Bg7 3. Bf4 d6 4. e4 Nc6 5. Nf3 Nf6 6. Bc4 O-O 7. h3 Nh5 8. Be3 e5 9. dxe5 dxe5 10. Qxd8 Rxd8 11. O-O Nf4 12. Ng5 Be6 13. Nxe6 Nxe6 14. Bxe6 fxe6 15. Rad1 Nd4 16. Rd2 c6 17. Rfd1 Rd7 18.
Kf1 Rad8 19. Ne2 Rd6 20. c3 Nb5 21. Rxd6 Rxd6 22. Rxd6 Nxd6 23. f3 b6 24. Nc1 Nc4 25. Bg1 Nxb2 26. Ke2 Bh6 27. Nb3 Kf7 28. Bh2 Bf4 29.
g3 Bh6 30. Bg1 Ke7 31. Be3 Bxe3 32. Kxe3 g5 33. Nd2 Nd1+ 34. Kd3 Nf2+ 35. Kc4 Nxh3 36. g4 Nf4 37. Kb4 h5 38. c4 h4 39. Nf1 Nd3+ 40. Kc3 Ne1 41. Nh2 Ng2 42. Kb4 Ne3 43.
c5 bxc5+ 44. Kxc5 Kd7 45. a4 h3 46. a5 Kc7 47. Kb4 Nc2+ 48. Kc5 Ne1 49. Kb4 Kd6 50. Kc4 a6 51. Kb4 c5+ 52. Kc4 Kc6 53. Kc3 Kb5 0-1

[Event "Betsys MČR v online bleskovém šachu 2021"]
[Site "Chess.com"]
[Date "2021.04.17"]
[Round "9"]
[White "Tomasbezdek07"]
[Black "petiva3"]
[Result "1-0"]
[WhiteElo "1701"]
[BlackElo "1396"]
[TimeControl "180+1"]
[EndTime "10:30:26 PDT"]
[Termination "Uživatel Tomasbezdek07 zvítězil na čas"]

1. e4 e5 2. Nf3 Nc6 3. Bc4 Nf6 4.
d3 Bc5 5. O-O O-O 6. c3 d6 7. b4 Bb6 8. a4 a5 9. b5 Ne7 10. Re1 c6 11. d4 exd4 12. cxd4 Be6 13. Bxe6 fxe6 14. Bb2 Ng6 15. Na3 Qe7 16. Qc2 Rac8 17.
Qd2 Rfd8 18. Rac1 e5 19. d5 cxd5 20. exd5 Qf7 21. Nc4 Nxd5 22. Red1 Nge7 23. Ba3 Bc5 24. Bxc5 dxc5 25. Nxa5 b6 26. Nc4 Nf4 27. Qxd8+ Rxd8 28. Rxd8+ Qf8 29. Rxf8+ Kxf8 30. Re1 Nd3 31. Re3 Nb4 32.
Ncxe5 Ned5 33. Re2 Nc3 34. Nd7+ Kf7 35. Re3 Nxa4 36.
h3 Nb2 37. Ng5+ Kg6 38. h4 h6 39. Nf3 Nc4 40. Re6+ Kf7 41. Re4 1-0

[Event "Betsys MČR v online bleskovém šachu 2021"]
[Site "Chess.com"]
[Date "2021.04.17"]
[Round "9"]
[White "Devasales"]
[Black "DominikS3"]
[Result "1-0"]
[WhiteElo "1641"]
[BlackElo "1338"]
[TimeControl "180+1"]
[EndTime "10:30:26 PDT"]
[Termination "Uživatel Devasales zvítězil matem"]

1. e4 c6 2. d4 d5 3. e5 Bf5 4. g4 Bg6 5. Nd2 h5 6. g5 e6 7. h4 c5 8. c3 cxd4 9. cxd4 Nc6 10. Ngf3 Nb4 11. Bb5+ Nc6 12. O-O Rc8 13. Nb3 a6 14. Bd3 Bxd3 15. Qxd3 b5 16. g6 Nh6 17. Bxh6 Rxh6 18. gxf7+ Kxf7 19. Ng5+ Kg8 20. f4 Ne7 21. Rf2 Nf5 22. Raf1 Nxh4 23. Qh3 Nf5 24. Nxe6 Rxe6 25. Qxf5 Qe8 26. Rg2 Qf7 27. Qh3 g6 28.
Qxh5 Bg7 29. Qh3 b4 30. Nc5 Rxc5 31. dxc5 Qf5 32. Qg3 a5 33. Rc1 g5 34. c6 gxf4 35.
Qxg7# 1-0

[Event "Betsys MČR v online bleskovém šachu 2021"]
[Site "Chess.com"]
[Date "2021.04.17"]
[Round "9"]
[White "Diamantidis_13"]
[Black "Joanna23W"]
[Result "0-1"]
[WhiteElo "2446"]
[BlackElo "2683"]
[TimeControl "180+1"]
[EndTime "10:30:28 PDT"]
[Termination "Uživatel Joanna23W zvítězil na čas"]

1. Nf3 Nf6 2. c4 g6 3. b3 Bg7 4. Bb2 d6 5. d4 O-O 6. g3 Nbd7 7. d5 a5 8. Bg2 Nc5 9. O-O c6 10. dxc6 bxc6 11. Nd4 Bb7 12. Nxc6 Qc7 13. Nd4 Bxg2 14. Kxg2 a4 15. Nd2 Qb7+ 16. N4f3 Nfe4 17. Bxg7 Kxg7 18.
Nxe4 Nxe4 19. Qd4+ Kg8 20. Rab1 axb3 21. Rxb3 Qc6 22.
Re3 f5 23. a3 Ra4 24. Qd5+ Qxd5 25. cxd5 Rfa8 26. Ra1 R8a5 27. Rd3 Nf6 28. Rd4 Nxd5 29.
Rxa4 Rxa4 30. Rd1 Nc3 31. Rd3 Nb5 32. Nd2 Rxa3 33. Rxa3 Nxa3 34. e3 Kf7 35. Nf3 e5 36. h4 h6 37. Kf1 Ke6 38. Ke2 Nb5 39. Nd2 d5 40. Nf3 d4 41. Ne1 Kd5 42. exd4 exd4 43.
Nd3 Nc3+ 44. Kf3 g5 45. hxg5 hxg5 46. g4 fxg4+ 47. Kxg4 Ne4 48. f3 Nc5 0-1

[Event "Betsys MČR v online bleskovém šachu 2021"]
[Site "Chess.com"]
[Date "2021.04.17"]
[Round "9"]
[White "Mitram64"]
[Black "Vesselovsky52"]
[Result "1/2-1/2"]
[WhiteElo "2099"]
[BlackElo "2326"]
[TimeControl "180+1"]
[EndTime "10:30:28 PDT"]
[Termination "Remíza opakováním pozice"]

1. d4 g6 2. Nf3 Bg7 3. Bf4 d6 4. e3 Nf6 5. Be2 c5 6. c3 b6 7.
h3 Bb7 8. Nbd2 O-O 9. O-O Nbd7 10. a4 a6 11. Qb3 Qc7 12. Rfc1 Bc6 13. Bh2 h6 14. Qa3 b5 15. dxc5 Nxc5 16. Qxc5 Qb7 17. Qa3 bxa4 18. b4 axb3 19. Nxb3 a5 20. Nxa5 Qc7 21.
Qc5 Rfc8 22. Nxc6 Rxa1 23. Rxa1 Qxc6 24. Qxc6 Rxc6 25. c4 Ne4 26. Ra8+ Kh7 27. Nd4 Rb6 28. g4 Rb2 29. Kf1 Rb1+ 30. Kg2 Rb2 31. Bg3 Bxd4 32. Bf3 Nxg3 33. exd4 Ne2 34. Bxe2 Rxe2 35.
c5 dxc5 36. dxc5 Rc2 37. Ra7 Rxc5 38. Rxe7 Kg7 39. Kf3 Rc3+ 40. Kg2 g5 41. Ra7 Rb3 42. Ra6 Rc3 43. Rb6 Ra3 44. Rc6 Rb3 45. Ra6 Rc3 46. Rb6 Ra3 47. Rc6 Rb3 48. Ra6 1/2-1/2

[Event "Betsys MČR v online bleskovém šachu 2021"]
[Site "Chess.com"]
[Date "2021.04.17"]
[Round "9"]
[White "Tassa15"]
[Black "krajic001"]
[Result "0-1"]
[WhiteElo "867"]
[BlackElo "1225"]
[TimeControl "180+1"]
[EndTime "10:30:28 PDT"]
[Termination "Uživatel krajic001 zvítězil na čas"]

1. d4 Nf6 2. Bg5 Ne4 3. Bf4 g5 4. Qd3 Nxf2 5. Kxf2 gxf4 6. Qe4 Bh6 7. Nf3 d6 8. Nbd2 f5 9. Qd3 Nc6 10. c3 Be6 11.
Nh4 Qd7 12. Ke1 O-O-O 13. Ndf3 Na5 14. Kd2 Nc4+ 15. Kc2 Ne3+ 16. Kd2 Rhf8 17. g3 Bc4 18. Qb1 fxg3 19. hxg3 Nxf1+ 20. Kc2 Nxg3 21. Re1 Bd5 22. Nd2 Qe6 23. Rg1 Nxe2 24. Re1 Nxd4+ 25. Kd3 Bc4+ 26.
Nxc4 Qf6 27. cxd4 c5 0-1

[Event "Betsys MČR v online bleskovém šachu 2021"]
[Site "Chess.com"]
[Date "2021.04.17"]
[Round "9"]
[White "alenka777"]
[Black "czechfant94"]
[Result "0-1"]
[WhiteElo "1285"]
[BlackElo "1594"]
[TimeControl "180+1"]
[EndTime "10:30:30 PDT"]
[Termination "Uživatel czechfant94 zvítězil matem"]

1. e4 e5 2. Nc3 Nc6 3. Nf3 Nf6 4. Bc4 Bc5 5. d3 O-O 6. Be3 Bb6 7. Bg5 h6 8. Bh4 d6 9. Nd5 Be6 10. Nxb6 axb6 11. a3 Bg4 12. h3 Bh5 13. c3 Na5 14.
Bd5 c6 15. Ba2 c5 16. g4 Bg6 17. Bg3 h5 18. gxh5 Nxh5 19. Rg1 Nxg3 20. Rxg3 Qf6 21. Rg5 Qf4 22. h4 Bh7 23. Ke2 g6 24. Qg1 Kg7 25. h5 Rh8 26. Qg2 Kf8 27. Rh1 Ke7 28. hxg6 Bxg6 29.
Rxh8 Rxh8 30. Rxg6 fxg6 31. Qxg6 Qf6 32. Qg4 Rf8 33.
Qg3 Nc6 34. Bd5 b5 35. Bxc6 bxc6 36. b4 cxb4 37. axb4 Qf4 38. Qxf4 Rxf4 39. d4 Ke6 40. dxe5 Rxe4+ 41. Kd3 Rxe5 42. Kd4 Rf5 43. Nh4 Rf4+ 44. Kd3 Rxh4 45. Ke3 d5 46. f3 Ke5 47. Kd3 Rh3 48. Ke3 Kf5 49. Kd4 Rxf3 50. Kc5 Rxc3+ 51. Kb6 d4 52. Ka5 d3 53. Kb6 d2 54. Ka5 d1=Q 55.
Kb6 Qd4+ 56. Ka5 Ra3# 0-1

[Event "Betsys MČR v online bleskovém šachu 2021"]
[Site "Chess.com"]
[Date "2021.04.17"]
[Round "9"]
[White "Berzeger"]
[Black "JuliliaR"]
[Result "0-1"]
[WhiteElo "1033"]
[BlackElo "1316"]
[TimeControl "180+1"]
[EndTime "10:30:30 PDT"]
[Termination "Uživatel JuliliaR zvítězil na čas"]

1. e4 d5 2. exd5 Qxd5 3. Nc3 Qd6 4. Nf3 c6 5. Bc4 Nf6 6. d3 Bg4 7. h3 Bh5 8. O-O e6 9. Qe2 Nbd7 10. Qe3 Qc7 11. Ne4 Nxe4 12. Qxe4 Nf6 13. Qe3 Bd6 14. b3 O-O-O 15. Bb2 Rhg8 16. Be5 Nd5 17.
Bxd6 Qxd6 18. Bxd5 exd5 19. Qg5 Bxf3 20. gxf3 h6 21.
Qf5+ Qe6 22. Qf4 g5 23. Qg4 h5 24. Qxe6+ fxe6 25. Rfe1 Kd7 26. Kg2 Rdf8 27. Re3 g4 28.
fxg4 hxg4 29. hxg4 Rxg4+ 30. Kf1 Rgf4 31. Re2 Rg4 32.
Rae1 Rgf4 33. Kg2 Rg8+ 34. Kf1 Rfg4 35. Rxe6 Rg1+ 36. Ke2 Kxe6 37. Rxg1 Rxg1 38. Ke3 Re1+ 39. Kf4 Re2 40. Kg3 Rxc2 41. f4 Rxa2 42. Kg4 Rg2+ 43.
Kh5 Kf5 0-1

[Event "Betsys MČR v online bleskovém šachu 2021"]
[Site "Chess.com"]
[Date "2021.04.17"]
[Round "9"]
[White "Countryside_58"]
[Black "JJ95"]
[Result "1-0"]
[WhiteElo "2406"]
[BlackElo "2016"]
[TimeControl "180+1"]
[EndTime "10:30:31 PDT"]
[Termination "Uživatel Countryside_58 zvítězil na čas"]

1. h4 e5 2. h5 h6 3. c3 d5 4. d4 e4 5. Bf4 Nf6 6. e3 Bg4 7. Qb3 Nbd7 8. c4 Nb6 9. Nc3 Nxh5 10. Be5 Nf6 11. Bxf6 Qxf6 12. c5 Nd7 13. Nxd5 Qd8 14.
Qxb7 Rc8 15. Nc3 Nxc5 16. dxc5 Bxc5 17. Qxe4+ Be6 18. Bb5+ Kf8 19. Nge2 Rb8 20. Rd1 Qf6 21. O-O g5 22. Qc6 Bd6 23. Ne4 Qxb2 24. Nxd6 cxd6 25. Qxd6+ Kg7 26. Qd4+ Qxd4 27. Nxd4 Bxa2 28. Ra1 Bd5 29. Rxa7 h5 30. Bc6 Bc4 31. Rc1 Bd3 32. Bf3 h4 33.
Be2 Bg6 34. Bg4 Rb2 35. Bf5 Bxf5 36. Nxf5+ Kf6 37. Nd4 h3 38. Rc6+ Ke5 39. Ra5+ Ke4 40. gxh3 Rxh3 41. Kg2 Rh4 42. Rxg5 f5 43. Nxf5 Rd2 44.
Ng3+ Kd3 45. Rd5+ 1-0

[Event "Betsys MČR v online bleskovém šachu 2021"]
[Site "Chess.com"]
[Date "2021.04.17"]
[Round "9"]
[White "vadoto"]
[Black "svobodan"]
[Result "0-1"]
[WhiteElo "1342"]
[BlackElo "1644"]
[TimeControl "180+1"]
[EndTime "10:30:32 PDT"]
[Termination "Uživatel svobodan zvítězil matem"]

1. e4 c5 2. Nf3 d6 3. Nc3 Nf6 4. d4 cxd4 5. Nxd4 a6 6. Be2 e5 7. Nf3 Be7 8. O-O h6 9. Be3 Be6 10. Bd3 O-O 11. Qe2 Nc6 12. Rad1 b5 13. a3 Na5 14. Nh4 Nc4 15. Nf5 Nxb2 16. Nxe7+ Qxe7 17. Nd5 Nxd5 18. exd5 Bd7 19. Be4 f5 20. Bf3 Nc4 21. Bc1 e4 22. Bh5 f4 23. Rd4 Bf5 24. f3 e3 25. Rxf4 Qe5 26. Rh4 g5 27. Rh3 Bxh3 28.
gxh3 Qf4 29. Re1 Qh4 30. Bg4 Rae8 31. Be6+ Kh7 32. Qd3+ Kg7 33. Qd4+ Qxd4 34. Kf1 Qc5 35. Re2 Rxf3+ 36. Kg2 Rf2+ 37. Rxf2 exf2 38. Kf1 Ne3+ 39. Bxe3 Qxe3 40. Bd7 Qe1+ 41. Kg2 f1=Q# 0-1

[Event "Betsys MČR v online bleskovém šachu 2021"]
[Site "Chess.com"]
[Date "2021.04.17"]
[Round "9"]
[White "AdaTra"]
[Black "Listro33"]
[Result "0-1"]
[WhiteElo "1661"]
[BlackElo "1867"]
[TimeControl "180+1"]
[EndTime "10:30:33 PDT"]
[Termination "Uživatel Listro33 zvítězil matem"]

1. d4 Nf6 2. Nf3 d5 3. c4 e6 4. Nc3 Be7 5. Bf4 O-O 6. e3 Nbd7 7. cxd5 exd5 8. Bd3 Nh5 9. Bg3 Nxg3 10. hxg3 Nf6 11. Ne5 h6 12. Bc2 c5 13. Qd2 c4 14. b3 cxb3 15.
axb3 Be6 16. Qd3 Rc8 17. O-O Qc7 18. Rfc1 Qxc3 19. Qe2 Qb4 20. Rxa7 Rc3 21. Nd3 Qb6 22. Ra4 Rfc8 23. Qd2 Ne4 24. Qe2 Bg4 25. f3 Nxg3 26. Qf2 Rxd3 27. fxg4 Ne4 28. Qf1 Rdc3 29. Kh2 Rxc2 30.
Rca1 Qf6 31. Qe1 Bd6+ 32. Kh1 Qf2 33. Ra5 Qxg2# 0-1

[Event "Betsys MČR v online bleskovém šachu 2021"]
[Site "Chess.com"]
[Date "2021.04.17"]
[Round "9"]
[White "Millbo64"]
[Black "stripe122"]
[Result "0-1"]
[WhiteElo "1983"]
[BlackElo "1807"]
[TimeControl "180+1"]
[EndTime "10:30:35 PDT"]
[Termination "Uživatel stripe122 zvítězil po vzdání soupeře"]

1. e4 c5 2. Nc3 e6 3. f4 d5 4.
exd5 exd5 5. Nf3 Nf6 6. d4 Nc6 7. Bb5 Bg4 8. O-O Be7 9. Re1 O-O 10. h3 Bxf3 11. Qxf3 Nxd4 12. Qf2 Nxb5 13. Nxb5 Ne4 14.
Qf3 Bf6 15. c4 Qa5 16. Be3 dxc4 17. Na3 Nd6 18. Red1 Bxb2 19. Rab1 Bxa3 20. Rxd6 b6 21. f5 f6 22. Rd7 Kh8 23. Qb7 Rab8 24. Qc7 Rfc8 25.
Qd6 Re8 26. Bf4 Rbc8 27. Rf1 Qc3 28. Qd5 Qd4+ 29. Qxd4 cxd4 30. Rxd4 Bc5 31. Rd1 Bxd4+ 32. Rxd4 c3 33. Kf2 c2 34. Bc1 Red8 35. Rb4 Rd1 36.
Ba3 c1=Q 37. Bxc1 Rdxc1 0-1

[Event "Betsys MČR v online bleskovém šachu 2021"]
[Site "Chess.com"]
[Date "2021.04.17"]
[Round "9"]
[White "Simaril76"]
[Black "EDA16"]
[Result "0-1"]
[WhiteElo "719"]
[BlackElo "1149"]
[TimeControl "180+1"]
[EndTime "10:30:35 PDT"]
[Termination "Uživatel EDA16 zvítězil na čas"]

1. b3 Nf6 2. e3 g5 3. Bb2 Bg7 4. f4 gxf4 5. exf4 O-O 6. Nf3 d6 7. Ng5 h6 8. Nh3 Bf5 9. Bd3 Bxd3 10. cxd3 Nc6 11. Qe2 Qd7 12. Nc3 Rfe8 13. O-O-O e5 14. Ne4 Qe6 15. Nxf6+ Qxf6 16. fxe5 Nxe5 17. d4 Nc6 18.
Qf2 Qxf2 19. Nxf2 Bxd4 20. Nd3 Bxb2+ 21. Kxb2 Nd4 22. Nf4 Ne2 23. Nxe2 Rxe2 24. g3 Rae8 25. Kc2 R8e5 26. Kd3 R2e4 27. Kc2 c5 28. d3 Re2+ 29.
Rd2 Rxd2+ 30. Kxd2 Kg7 31. Rc1 Kf6 32. Kc3 Kg5 33.
Rg1 Kg4 34. d4 cxd4+ 35. Kxd4 Re2 36. Kd5 Rxa2 37. Kxd6 Rxh2 38. Kc7 Rb2 39. Kxb7 Rxb3+ 40. Kxa7 Rxg3 41. Rf1 h5 42. Rxf7 h4 0-1

[Event "Betsys MČR v online bleskovém šachu 2021"]
[Site "Chess.com"]
[Date "2021.04.17"]
[Round "9"]
[White "MBorkovec"]
[Black "Maldaj"]
[Result "1/2-1/2"]
[WhiteElo "2285"]
[BlackElo "2410"]
[TimeControl "180+1"]
[EndTime "10:30:36 PDT"]
[Termination "Remíza dohodou"]

1. e4 c5 2. Nf3 d6 3. d4 cxd4 4. Nxd4 Nf6 5. Nc3 a6 6. Bg5 Nbd7 7. f4 Qc7 8. Qe2 h6 9. Bxf6 gxf6 10. O-O-O e6 11. f5 Ne5 12. fxe6 fxe6 13. Qh5+ Qf7 14. Be2 Qxh5 15. Bxh5+ Ke7 16. Rhf1 Rg8 17. g3 Bd7 18.
Nf3 Rc8 19. Nxe5 dxe5 20. Rf3 Bc6 21. Rfd3 Bg7 22. Bg4 Bh8 23. Bh3 h5 24. Rd6 Rcd8 25. Rxd8 Rxd8 26. Rxd8 Kxd8 27. Bxe6 Bg7 28. Bd5 Kc7 29.
Kd2 Bd7 30. Kd3 b5 31. a3 Kd6 32. Bf7 h4 33. gxh4 f5 34. exf5 Bxf5+ 35. Ne4+ Ke7 36.
Bh5 Bf6 37. Bf3 Bxh4 38. c4 bxc4+ 39. Kxc4 Bxe4 40. Bxe4 Bf2 41. b4 Kd6 42. a4 Be1 43.
Bb7 a5 44. bxa5 Bxa5 45. h4 Ke7 46. Kd5 Kf6 47. Bc8 Bc3 48. Bg4 Ba5 49. Kc4 Be1 50. Kd5 1/2-1/2

[Event "Betsys MČR v online bleskovém šachu 2021"]
[Site "Chess.com"]
[Date "2021.04.17"]
[Round "9"]
[White "rakintsev"]
[Black "MatyldaCZ"]
[Result "1-0"]
[WhiteElo "1741"]
[BlackElo "1416"]
[TimeControl "180+1"]
[EndTime "10:30:37 PDT"]
[Termination "Uživatel rakintsev zvítězil matem"]

1. e4 e5 2. Nf3 Nc6 3. Bb5 d6 4. O-O Nf6 5. d3 Be7 6. c3 O-O 7. Be3 Bd7 8. Nbd2 a6 9. Ba4 Re8 10. Kh1 Bg4 11. Qe1 Bxf3 12. Nxf3 Qd7 13. Ng1 Bf8 14.
f4 exf4 15. Rxf4 b5 16. Bb3 Ne5 17. Qf1 Neg4 18. Bd2 Be7 19. h3 Ne5 20. Nf3 Rf8 21. d4 Nxf3 22. Qxf3 c6 23. Rf1 Ra7 24. g4 h6 25. Qg2 Bd8 26. Rf5 Qe7 27. g5 hxg5 28.
Rxg5 g6 29. Rg3 d5 30. Bg5 Qd6 31. e5 Qe6 32. Bxf6 Bxf6 33. Rxf6 Qe7 34. Rgxg6+ fxg6 35. Rxg6+ Kh8 36. Rh6+ Qh7 37. Rxh7+ Rxh7 38. Bc2 Rh6 39. Qg5 Re6 40. Qh5+ Kg7 41. Qh7# 1-0

[Event "Betsys MČR v online bleskovém šachu 2021"]
[Site "Chess.com"]
[Date "2021.04.17"]
[Round "9"]
[White "Anyna"]
[Black "Petulak08"]
[Result "0-1"]
[WhiteElo "793"]
[BlackElo "1196"]
[TimeControl "180+1"]
[EndTime "10:30:40 PDT"]
[Termination "Uživatel Petulak08 zvítězil po vzdání soupeře"]

1. d4 d5 2. Nf3 Nf6 3. e3 c5 4. c3 Nc6 5. Bd3 e6 6. O-O b6 7. Re1 Bb7 8. Nbd2 Qc7 9. e4 dxe4 10. Nxe4 Nxe4 11. Bxe4 Bd6 12. d5 exd5 13. Bxd5+ Kf8 14. Ng5 Ne5 15. Bxb7 Qxb7 16. Qxd6+ Qe7 17. Qxe5 Qxe5 18. Rxe5 f6 19. Rf5 Rd8 20. Be3 h6 21. Ne6+ Ke7 22. Nxd8 Rxd8 23. Bf4 g6 24. Re1+ Kf7 25. Rxf6+ Kxf6 26. Bxh6 g5 27. f4 gxf4 28. Bxf4 Kf5 29. Bc7 Rd7 30.
Bg3 Rd2 31. Rb1 c4 32. h4 Kg4 33. Bf2 b5 34. b3 Rxa2 35. bxc4 bxc4 36. Rb4 Ra1+ 37.
Kh2 Ra2 38. Bg3 a6 39. Rxc4+ Kh5 40. Bc7 Ra3 41. Rd4 Rxc3 42. Bg3 Rc5 43. Rd5+ Rxd5 44.
Be5 Rxe5 45. Kg3 Rb5 46. Kf4 a5 47. g3 a4 48. g4+ Kxh4 49. g5 Rxg5 0-1

[Event "Betsys MČR v online bleskovém šachu 2021"]
[Site "Chess.com"]
[Date "2021.04.17"]
[Round "9"]
[White "8_olda_8"]
[Black "JindrichT_CZE"]
[Result "0-1"]
[WhiteElo "1796"]
[BlackElo "2059"]
[TimeControl "180+1"]
[EndTime "10:30:42 PDT"]
[Termination "Uživatel JindrichT_CZE zvítězil po vzdání soupeře"]

1. d4 d5 2. c4 e6 3. Nc3 Nf6 4. Nf3 c6 5. Bg5 Nbd7 6. e3 Qa5 7.
Bh4 Ne4 8. Qc2 Bb4 9. Nd2 Bxc3 10. bxc3 Qxc3 11. Bd3 Qxa1+ 12. Nb1 Nc3 13. Qxc3 Qxc3+ 14. Nxc3 O-O 15. c5 f6 16. f4 e5 17. fxe5 fxe5 18. Be7 Re8 19. Bd6 exd4 20. Nd1 dxe3 21. Ke2 Nf6 22.
h3 d4 23. Nb2 Be6 24. a4 b6 25. Rd1 Nd5 26. Bc4 Nc3+ 27. Ke1 Nxd1 28. Kxd1 Bxc4 29. Nxc4 bxc5 30. Bxc5 Re4 31. Ke2 a6 32. Nd6 d3+ 33.
Kxd3 Rxa4 34. Bxe3 Rd8 35. Bc5 Ra2 36. g4 Rh2 37. Ke4 Rxd6 38. Bxd6 Rxh3 39. g5 Rc3 40. Kd4 Rc1 41. Be7 Kf7 42. Ba3 Rg1 43. Kc5 Rxg5+ 44.
Kxc6 Rg2 45. Kb6 h5 46. Kxa6 Ra2 0-1

[Event "Betsys MČR v online bleskovém šachu 2021"]
[Site "Chess.com"]
[Date "2021.04.17"]
[Round "9"]
[White "pavelchrz"]
[Black "hever99"]
[Result "0-1"]
[WhiteElo "1696"]
[BlackElo "2012"]
[TimeControl "180+1"]
[EndTime "10:30:42 PDT"]
[Termination "Uživatel hever99 zvítězil na čas"]

1. e4 c5 2. Nf3 d6 3. d4 cxd4 4. Nxd4 Nf6 5. Nc3 a6 6. Bc4 e6 7. Qe2 b5 8. Bb3 Be7 9. O-O O-O 10. Kh1 b4 11. Nd1 Qc7 12. f4 Nc6 13. Nf3 Bb7 14. Ng5 Na5 15. e5 Nd5 16. Qh5 Bxg5 17.
fxg5 Nxb3 18. axb3 Ne7 19. Ne3 g6 20. Qh6 Nf5 21.
Nxf5 exf5 22. Be3 dxe5 23. Rf2 f4 24. Bd2 f6 25. Raf1 fxg5 26. Qxg5 Qc6 27. h4 Qf6 28. Qxf6 Rxf6 29. Kh2 Raf8 30. h5 g5 31. Kh3 Bc8+ 32.
Kh2 g4 33. Kh1 g3 34. Re2 Re6 0-1

[Event "Betsys MČR v online bleskovém šachu 2021"]
[Site "Chess.com"]
[Date "2021.04.17"]
[Round "9"]
[White "povrlak60"]
[Black "Hapinka"]
[Result "0-1"]
[WhiteElo "1608"]
[BlackElo "1825"]
[TimeControl "180+1"]
[EndTime "10:30:42 PDT"]
[Termination "Uživatel Hapinka zvítězil na čas"]

1. e4 e5 2. d4 exd4 3. Qxd4 Qf6 4. Qe3 Nc6 5. Nc3 Bb4 6. Bd2 Nge7 7. O-O-O O-O 8. Bc4 d6 9. f4 Na5 10. Bd3 Be6 11.
a3 Bc5 12. Qg3 Nc4 13. Bxc4 Bxc4 14. Nf3 Ng6 15. h4 h5 16. Qg5 Qxg5 17. hxg5 f6 18. Rxh5 fxg5 19. Rxg5 Nxf4 20. Bxf4 Rxf4 21. Rh1 Raf8 22.
Kb1 R4f6 23. Rgh5 Be3 24. Rh8+ Kf7 25. Rxf8+ Kxf8 26. Rh8+ Kf7 27. Rc8 Bb6 28. Rb8 Rg6 29.
Ne1 Bf2 30. Nf3 Rxg2 31. b3 Ba6 32. Rc8 Bb6 33. Kb2 Rg3 34. Nh4 Rg4 35. Nf5 g6 0-1

[Event "Betsys MČR v online bleskovém šachu 2021"]
[Site "Chess.com"]
[Date "2021.04.17"]
[Round "9"]
[White "Ami2013"]
[Black "ritchi12"]
[Result "1-0"]
[WhiteElo "500"]
[BlackElo "945"]
[TimeControl "180+1"]
[EndTime "10:30:42 PDT"]
[Termination "Uživatel Ami2013 zvítězil matem"]

1. e4 e5 2. Nf3 Nc6 3. Nc3 Nf6 4. Bc4 Bc5 5. Rg1 O-O 6. d3 d6 7. Bg5 h6 8. Bh4 Bd4 9. Nxd4 exd4 10. Nd5 Be6 11.
Nxf6+ gxf6 12. Qf3 Bxc4 13. Qg4+ Kh7 14. Qf5+ Kg8 15.
Bxf6 Ne7 16. Qg4+ Ng6 17. Bxd8 Raxd8 18. O-O-O Be6 19. Qh5 Kh7 20. c3 dxc3 21. bxc3 Bxa2 22. Rd2 Be6 23. Re2 c5 24. Re3 Nf4 25. Qh4 Ng6 26. Qg3 a5 27. Rf3 a4 28. Kb2 b5 29. Ra1 d5 30.
exd5 Bxd5 31. Rf6 Be6 32. Qf3 Ne5 33. Qh5 Ng6 34. Rf3 Rg8 35. g4 Bxg4 36. Qxg4 Ne5 37. Qf5+ Kh8 38. Qxe5+ Kh7 39. Qf5+ Kh8 40. Qxf7 h5 41. Rh3 Rg5 42. Re3 Rdg8 43. Re7 R5g7 44. Qxh5+ Rh7 45. Qxh7# 1-0

[Event "Betsys MČR v online bleskovém šachu 2021"]
[Site "Chess.com"]
[Date "2021.04.17"]
[Round "9"]
[White "AdeeJa"]
[Black "Pekibeast"]
[Result "1/2-1/2"]
[WhiteElo "1663"]
[BlackElo "1870"]
[TimeControl "180+1"]
[EndTime "10:30:43 PDT"]
[Termination "Remíza opakováním pozice"]

1. e4 e6 2. d4 d5 3. Nd2 dxe4 4.
Nxe4 Nf6 5. Bg5 Be7 6. Bxf6 Bxf6 7. Nxf6+ Qxf6 8. c3 Nc6 9. Nf3 O-O 10. Bd3 b6 11. O-O Bb7 12. Qe2 Rad8 13. Rad1 Rfe8 14. Bc2 h6 15. Qe4 g6 16. Ne5 Nxd4 17. Ng4 Qg5 18. Nxh6+ Qxh6 19. Qxb7 Nxc2 20. Qe4 Rxd1 21. Rxd1 Na3 22.
Qa4 Qf8 23. bxa3 Rd8 24. h3 Rxd1+ 25. Qxd1 Qd6 26. Qc1 Kg7 27. c4 Qd4 28. a4 e5 29.
Qc2 e4 30. a3 f5 31. a5 f4 32. axb6 axb6 33. a4 e3 34. fxe3 fxe3 35. Kf1 Qf4+ 36. Ke2 Qf2+ 37. Kd3 Qf5+ 38. Kc3 Qe5+ 39. Kd3 Qf5+ 40.
Kc3 Qf2 41. Kd3 Qf5+ 1/2-1/2